 Dungeon Crawl Stone Soup version 0.27-a0-1186-g8b4daa1eef (webtiles) character file.

Game seed: 4352592773535422239

133 freelancePsychic the Caller (level 5, 0/41 HPs)
             Began as a Human Summoner on May 19, 2021.
             Succumbed to an adder's poison
             ... on level 3 of the Dungeon.
             The game lasted 00:13:29 (4753 turns).

freelancePsychic the Caller (Human Summoner)        Turns: 4753, Time: 00:13:29

Health: 0/41       AC:  4    Str:  8    XL:     5   Next: 40%
Magic:  0/8        EV: 12    Int: 16    God:
Gold:   77         SH:  0    Dex: 14    Spells: 5/8 levels left

rFire    . . .     SeeInvis .   c - +0 dagger
rCold    . . .     Faith    .   (no shield)
rNeg     . . .     Spirit   .   a - +0 robe
rPois    .         Reflect  .   (no helmet)
rElec    .         Harm     .   h - +1 cloak
rCorr    .         Rampage  .   (no gloves)
Will     .....                  (no boots)
Stlth    ++........             (no amulet)
HPRegen  0.13/turn              (no ring)
MPRegen  0.11/turn              (no ring)

@: lethally poisoned (0 -> -2), attractive
A: no striking features
a: no special abilities


You were on level 3 of the Dungeon.
You visited 1 branch of the dungeon, and saw 3 of its levels.

You collected 77 gold pieces.

Inventory:

Hand Weapons
 c - a +0 dagger (weapon)
Armour
 a - a +0 robe (worn)
 h - a +1 cloak (worn)
Scrolls
 d - a scroll of teleportation {@r4}


   Skills:
 + Level 3.0 Fighting
 - Level 2.0 Dodging
 - Level 2.0 Stealth
 - Level 2.0 Spellcasting
 * Level 4.1 Summonings
 * Level 3.1 Air Magic


You had 5 spell levels left.
You knew the following spells:

 Your Spells              Type           Power      Damage    Failure   Level
a - Summon Small Mammal   Summ           56%        N/A       3%          1
b - Call Imp              Summ           14%        N/A       6%          2

Your spell library contained the following spells:

 Spells                   Type           Power      Damage    Failure   Level
 Call Canine Familiar     Summ           14%        N/A       12%         3
 Animate Skeleton         Necr           2%         N/A       21%         1
 Beastly Appendage        Tmut           2%         N/A       21%         1
 Pain                     Necr           4%         1d4       21%         1
 Summon Guardian Golem    Hex/Summ       8%         N/A       26%         3
 Wereblood                Tmut           1%         N/A       30%         2
 Summon Lightning Spire   Summ/Air       13%        N/A       43%         4
 Spider Form              Tmut/Pois      0%         N/A       52%         3
 Vampiric Draining        Necr           0%         2d6       52%         3
 Summon Ice Beast         Ice/Summ       8%         N/A       65%         4
 Animate Dead             Necr           0%         N/A       90%         4
 Ice Form                 Ice/Tmut       1%         N/A       90%         4
 Agony                    Necr           1%         N/A       99%         5
 Hydra Form               Tmut           0%         N/A       99%         5


Dungeon Overview and Level Annotations

Branches:
Dungeon (3/15)

Altars:

Portals:
Sewer: D:3


Message History

The ball python bites you but does no damage.
The ball python constricts you. The adder bites you.
You are poisoned.
The adder poisons you!
You hit the adder but do no damage.
The adder is lightly wounded.
You feel sick.
Your bat completely misses the adder.
The rat barely misses you. The ball python bites you.
* * * LOW HITPOINT WARNING * * *
The ball python constricts you. The adder completely misses you.
You miss the adder.
The adder is lightly wounded.
You feel sick.
Your bat completely misses the rat.
The ball python bites you but does no damage.
The ball python constricts you. The rat closely misses you.
The adder closely misses you.
You hit the adder but do no damage.
The adder is lightly wounded.
You feel sick.
Your bat hits the adder. The ball python closely misses you.
The ball python constricts you. The rat bites you.
* * * LOW HITPOINT WARNING * * *
The ball python bites you but does no damage.
The ball python constricts you.
Casting: Summon Small Mammal (safe; 3% risk of failure)
Confirm with . or Enter, or press ? or * to list all spells.
A beastly little devil appears in a puff of frigid air.
You hear the brisk rusting of a drain.
You feel sick. The adder bites you but does no damage.
The rat barely misses you.
Your bat hits the adder. The ball python bites you.
* * * LOW HITPOINT WARNING * * *
x2 The ball python constricts you.
You escape the ball python's grasp.
* * * LOW HITPOINT WARNING * * *
You feel sick. The adder completely misses you.
The ball python bites your white imp but does no damage.
The ball python grabs your white imp.
The ball python constricts your white imp.
You hit the adder but do no damage.
The adder is moderately wounded.
You die...

#.##### #.
#.....# #.
#####.###.#
#.
#.........#
#.
#≈≈(.†....#
#.
#≈≈†≈†....#
##
#≈≈≈≈≈≈$..#
#####≈≈r..#
#≈≈≈'≈bS@.#
#≈∩≈'≈S5.##
#≈≈≈#≈...#
##########


You could see an adder (ally target), a ball python (ally target), a rat, a
friendly white imp (summoned) and a friendly bat (summoned).

Vanquished Creatures
  2 endoplasms
  3 ball pythons
  2 bats
  2 rats
9 creatures vanquished.

Vanquished Creatures (collateral kills)
  An ogre (D:2)
  A water moccasin skeleton (D:2)
  3 adders (D:2)
  A river rat (D:3)
  3 ball pythons
  5 endoplasms
  3 giant cockroaches
  7 goblins
  A hobgoblin (D:1)
  6 jackals
  2 bats
  2 frilled lizards
  5 kobolds
  5 rats
45 creatures vanquished.

Grand Total: 54 creatures vanquished

Notes
Turn   | Place    | Note
-------+----------+-------------------------------------------
     0 | D:1      | freelancePsychic the Human Summoner began the quest for the
                  | Orb.
     0 | D:1      | Reached XP level 1. HP: 13/13 MP: 3/3
   335 | D:1      | Reached XP level 2. HP: 14/20 MP: 3/5
   448 | D:1      | Reached skill level 1 in Fighting
   448 | D:1      | Reached skill level 1 in Air Magic
   874 | D:1      | Found a faded altar of an unknown god.
  2097 | D:1      | Learned a level 2 spell: Call Imp
  2115 | D:1      | HP: 1/21 [kobold/+0 club (4)]
  2116 | D:1      | Reached XP level 3. HP: 2/26 MP: 0/6
  2728 | D:2      | HP: 1/27 [water moccasin skeleton (7)]
  2735 | D:2      | Reached XP level 4. HP: 1/33 MP: 1/7
  3037 | D:2      | Noticed an ogre
  3085 | D:2      | Killed an ogre
  3086 | D:2      | Reached XP level 5. HP: 40/40 MP: 1/8
  4736 | D:3      | Found a glowing drain.
  4751 | D:3      | HP: 2/41 [ball python (1)]
  4753 | D:3      | Succumbed to an adder's poison

Illustrated notes

Levels and vault maps discovered:
D:1:      ncdulo_smallfort, layout_loops_cross, ebering_ecumenical_altar_mist,
          minmay_misc_feat_rows
D:2:      layout_basic
D:3:      layout_basic, lemuel_doored_altar, portal_sewer_entry_e, uniq_natasha,
          uniq_crazy_yiuf_cottage, uniq_terence

Skill      XL: |  1  2  3  4  5 |
---------------+----------------+-----
Fighting       | 1 2 3 |  3.0
Air Magic      | 1 2 3 |  3.1
Dodging        | |  2.0
Stealth        | |  2.0
Spellcasting   | |  2.0
Summonings     | |  4.1

Action                   |  1- 3 |  4- 6 || total
-------------------------+-------+-------++-------
Melee: Unarmed           |    99 |   107 ||   206
       Dagger            |       |    21 ||    21
 Cast: Summon Small Mamm |    41 |     6 ||    47
       Call Imp          |    14 |    26 ||    40
  Use: Scroll            |       |     5 ||     5
       Potion            |       |     4 ||     4
 Stab: Sleeping          |     2 |     1 ||     3
       Distracted        |       |     1 ||     1
Armor: Robe              |    24 |    50 ||    74
Dodge: Dodged            |    85 |   113 ||   198

Table legend: (Time is in decaauts)
 A = Elapsed time spent in this place.
 B = Non-inter-level travel time spent in this place.
 C = Inter-level travel time spent in this place.
 D = Time resting spent in this place.
 E = Time spent auto-exploring this place.
 F = Levels seen in this place.
 G = Mean time per level.
                   A        B        C        D        E       F      G
               +--------+--------+--------+--------+--------+-----+--------+
         Total |   4757 |   4723 |     34 |    779 |   3234 |   3 | 1585.7 |
       Dungeon |   4757 |   4723 |     34 |    779 |   3234 |   3 | 1585.7 |
               +--------+--------+--------+--------+--------+-----+--------+

Top non-repeatable levels by time:
     D:1: 2469 daAuts
     D:2: 1981 daAuts
     D:3: 306 daAuts
